 Dungeon Crawl Stone Soup version 0.20.1-1-g8b1a95d (webtiles) character file.

77 polve the Changer (level 4, -1/35 HPs)
             Began as a Draconian Transmuter on July 3, 2017.
             Killed by nerve-wracking pain
             ... invoked by Jessica
              (9 damage)
             ... on level 3 of the Dungeon.
             The game lasted 00:01:42 (2702 turns).

polve the Changer (Draconian Transmuter)            Turns: 2702, Time: 00:01:42

Health: -1/35      AC:  5    Str: 13    XL:     4   Next: 14%
Magic:  7/7        EV: 12    Int: 14    God:
Gold:   89         SH:  0    Dex: 11    Spells: 1/7 levels left

rFire    . . .     SeeInvis .     - Unarmed
rCold    . . .     Gourm    +   (no shield)
rNeg     . . .     Faith    .   (armour unavailable)
rPois    .         Spirit   .   (helmet restricted)
rElec    .         Reflect  .   (no cloak)
rCorr    +         Harm     .   (no gloves)
MR       .....                  (no boots)
Stlth    +.........             q - amulet of the gourmand
Regen    0.2/turn               n - ring of resist corrosion
MPRegen  0.1/turn               (no ring)

@: no status effects
A: unfitting armour, cold-blooded, AC +5
a: no special abilities


You were on level 3 of the Dungeon.
You were not hungry.

You visited 1 branch of the dungeon, and saw 3 of its levels.

You collected 89 gold pieces.

Inventory:

Missiles
 a - 45 arrows (quivered)
Jewellery
 n - a ring of resist corrosion (left hand)
 q - an amulet of the gourmand (around neck)
Scrolls
 d - a scroll of remove curse {unknown}
 e - 4 scrolls of identify {unknown}
 h - 2 scrolls of teleportation {unknown}
 j - a scroll of random uselessness {unknown}
 l - 3 scrolls of magic mapping {unknown}
 o - a scroll of recharging {unknown}
Potions
 g - a potion of brilliance {unknown}
 i - a potion of lignification {unknown}
 k - 2 potions of heal wounds {unknown}
 m - a potion of invisibility {unknown}
 r - a potion of ambrosia {unknown}
Books
 b - a book of Changes

   Spells                             Type                      Level
   a - Beastly Appendage              Transmutation                1
   b - Sticks to Snakes               Transmutation                2
   c - Spider Form                    Transmutation/Poison         3
   d - Ice Form                       Ice/Transmutation            4
   e - Blade Hands                    Transmutation                5
Comestibles
 c - 3 bread rations
 f - a royal jelly
 p - 5 chunks of flesh


   Skills:
 - Level 1.1 Fighting
 - Level 1.7 Dodging
 - Level 3.0 Unarmed Combat
 - Level 2.0 Spellcasting
 + Level 4.4 Transmutations


You had one spell level left.
You knew the following spells:

 Your Spells              Type           Power        Failure   Level  Hunger
a - Beastly Appendage     Tmut           ##....       3%          1    ##.....
b - Sticks to Snakes      Tmut           ##......     5%          2    ###....
c - Spider Form           Tmut/Pois      #.........   28%         3    ####...


Dungeon Overview and Level Annotations

Branches:
Dungeon (3/15)

Altars:

Annotations:
D:3 Jessica


Innate Abilities, Weirdness & Mutations

Your plain brown scales are hard. (AC +5)
You cannot fit into any form of body armour.
You are cold-blooded and may be slowed by cold attacks.


Message History

Jessica seems to speed up.
You barely miss Jessica.
Your tail-slap misses Jessica.
Jessica is heavily wounded.
Jessica casts a spell at you. Pain shoots through your body!
* * * LOW HITPOINT WARNING * * *
Jessica barely misses you.
You closely miss Jessica.
Jessica is heavily wounded.
Jessica gestures wildly while chanting.
Jessica blinks!
Jessica points at you and mumbles some strange words.
Pain shoots through your body!
* * * LOW HITPOINT WARNING * * *
Jessica gestures wildly while chanting.
Jessica blinks!
Your horns disappear.
Jessica casts a spell at you. Pain shoots through your body!
You die...

#...###..
#........ #.#
#@# #.# ##.# #
#..# #.##.#
#######..@.#
##[[...####.#
##.....(.###.#
#.........##.#
#............#
#........(...#
#.........#..#
#............#
#............#


You could see Jessica.

Vanquished Creatures
  3 adders (D:2)
  A worm (D:2)
  3 dart slugs
  3 leopard geckos (D:1)
  3 giant cockroaches
  3 hobgoblins (D:2)
  10 kobolds
  A quokka (D:2)
  4 bats
  5 goblins
  2 rats
38 creatures vanquished.

Notes
Turn   | Place    | Note
-------+----------+-------------------------------------------
     0 | D:1      | polve the Draconian Transmuter began the quest for the Orb.
     0 | D:1      | Reached XP level 1. HP: 16/16 MP: 3/3
   331 | D:1      | Reached XP level 2. HP: 13/23 MP: 3/5
   676 | D:1      | Reached skill level 3 in Transmutations
  1191 | D:2      | Reached XP level 3. HP: 23/28 MP: 6/6
  1534 | D:2      | Learned a level 2 spell: Sticks to Snakes
  1538 | D:2      | Learned a level 3 spell: Spider Form
  1933 | D:2      | Reached skill level 4 in Transmutations
  2403 | D:2      | Reached XP level 4. HP: 33/35 MP: 5/7
  2685 | D:3      | Noticed Jessica
  2702 | D:3      | Killed from afar by Jessica

Skill      XL: |  1  2  3 |
---------------+----------+-----
Transmutations | 3 4 |  4.4
Fighting       | |  1.1
Dodging        | |  1.7
Unarmed Combat | |  3.0
Spellcasting   | |  2.0

Action                   |  1- 3 |  4- 6 || total
-------------------------+-------+-------++-------
Melee: Unarmed           |   157 |    30 ||   187
       Tailslap          |     9 |     1 ||    10
       Kick              |     1 |       ||     1
       Headbutt          |       |     2 ||     2
       Punch             |       |     1 ||     1
 Cast: Beastly Appendage |     6 |     1 ||     7
 Stab: Sleeping          |       |     1 ||     1
  Eat: Chunk             |     5 |     1 ||     6
Armor: Skin              |    43 |     7 ||    50
Dodge: Dodged            |   104 |    23 ||   127
